 Dungeon Crawl Stone Soup version 0.24-a0-373-g39439d866b (webtiles) character file.

Game seed: 17898632378332535943

11566 vurker the Severer (level 11, -4/104 HPs)
             Began as a Hill Orc Fighter on May 30, 2019.
             Was a Priest of Yredelemnul.
             Killed from afar by a smoke demon (9 damage)
             ... with a ball of steam
             ... in a volcano.
             The game lasted 00:36:18 (14580 turns).

vurker the Severer (Hill Orc Fighter)              Turns: 14580, Time: 00:36:19

Health: -4/104     AC: 15    Str: 21    XL:     11   Next: 79%
Magic:  17/17      EV:  3    Int:  8    God:    Yredelemnul [***...]
Gold:   585        SH:  9    Dex: 15    Spells: 10/10 levels left

rFire    . . .     SeeInvis .   B - +0 broad axe
rCold    + . .     Gourm    .   c - +0 shield
rNeg     . . .     Faith    .   y - +0 plate armour
rPois    .         Spirit   .   s - +2 helmet
rElec    .         Reflect  .   (no cloak)
rCorr    .         Harm     .   x - +0 pair of gloves
MR       .....                  (no boots)
Stlth    ..........             C - amulet of rage
HPRegen  0.27/turn              w - +3 ring of dexterity
MPRegen  0.15/turn              o - ring of protection from cold

@: liquid flames, about to teleport, glowing, lightly drained
A: no striking features
a: Recall Undead Slaves, Injury Mirror, Animate Dead, Renounce Religion, Evoke
Berserk Rage


You were in a volcano.
You worshipped Yredelemnul.
Yredelemnul was most pleased with you.
You were not hungry.

You visited 3 branches of the dungeon, and saw 13 of its levels.
You also visited: Volcano.

You collected 585 gold pieces.

Inventory:

Hand Weapons
 B - a +0 broad axe (weapon)
   (You took it off an orc warrior on level 9 of the Dungeon)
Missiles
 l - 2 throwing nets (quivered) {!f}
Armour
 c - a +0 shield (worn)
 s - a +2 helmet (worn)
   (You found it on level 3 of the Dungeon)
 x - a +0 pair of gloves (worn)
   (You found it on level 3 of the Dungeon)
 y - a +0 plate armour (worn)
   (You took it off an orc warrior on level 7 of the Dungeon)
Jewellery
 o - a ring of protection from cold (right hand)
   (You found it on level 1 of the Lair of Beasts)
 w - a +3 ring of dexterity (left hand)
   (You found it on level 7 of the Dungeon)
 C - an amulet of rage (around neck)
   (You found it on level 5 of the Dungeon)
Wands
 t - a wand of flame (20)
   (You found it on level 4 of the Dungeon)
 u - a wand of polymorph (7)
   (You took it off Robin on level 3 of the Dungeon)
Scrolls
 m - 3 scrolls of enchant armour
 n - a scroll of fear
 r - 4 scrolls of remove curse {@r2}
 A - a scroll of teleportation {@r4}
Potions
 b - 3 potions of haste {@q3}
 d - a potion of might
 f - 6 potions of curing {@q1}
 g - 2 potions of ambrosia
 j - a potion of flight
 k - 5 potions of cancellation
 p - a potion of agility
 q - 2 potions of mutation {!q}
Comestibles
 e - 13 rations {!d}


   Skills:
 + Level 12.0(11.9) Fighting
 * Level 16.9(16.8) Axes
 - Level 3.2 Armour
 - Level 3.2 Shields
 + Level 9.2(9.1) Invocations


You had 10 spell levels left.
You didn't know any spells.
Your spell library contained the following spells:

 Spells                   Type           Power        Failure   Level  Hunger
 Magic Dart               Conj           #...         100%        1    ##.....
 Blink                    Tloc           N/A          100%        2    ###....
 Call Imp                 Summ           #.......     100%        2    ###....
 Slow                     Hex            #.......     100%        2    ###....
 Conjure Flame            Conj/Fire      #.......     100%        3    ####...
 Mephitic Cloud           Conj/Pois/Air  #.......     100%        3    ####...


Dungeon Overview and Level Annotations

Branches:
Dungeon (11/15)            Temple (1/1) D:7            Lair (1/6) D:9
    Orc: D:9-12

Altars:
Ashenzari
Cheibriados
Dithmenos
Elyvilon
Fedhas
Gozag
Hepliaklqana
Kikubaaqudgha
Makhleb
Nemelex Xobeh
Okawaru
Qazlal
Ru
Sif Muna
Trog
Uskayaw
Vehumet
Wu Jian
Xom
Yredelemnul
Zin
The Shining One
Jiyva

Shops:
D:7 *

Annotations:
D:8 exclusion: ice statue


Message History

The smoke demon gestures at you. Something smites you!
In the distance, the volcano erupts with a roar.
The red devil hits you from afar with a +0 trident of flaming!
The red devil burns you.
The red devil hops backward while attacking.
The red devil hits you from afar with a +0 trident of flaming.
The red devil burns you.
The red devil hops backward while attacking.
The red devil hits you from afar with a +0 trident of flaming!
The red devil burns you.
* * * LOW HITPOINT WARNING * * *
You fail to use your ability.
The smoke demon gestures at you.
The sticky flame hits you but does no damage.
You are covered in liquid flames!
The red devil hits you from afar with a +0 trident of flaming!
* * * LOW HITPOINT WARNING * * *
The red devil burns you.
* * * LOW HITPOINT WARNING * * *
You slash the smoke demon!
You are covered in liquid flames!
* * * LOW HITPOINT WARNING * * *
The smoke demon hits you but does no damage.
The smoke demon hits you.
* * * LOW HITPOINT WARNING * * *
The smoke demon hits you but does no damage.
You fail to use your ability.
You are covered in liquid flames!
* * * LOW HITPOINT WARNING * * *
The red devil hits you from afar with a +0 trident of flaming.
* * * LOW HITPOINT WARNING * * *
The red devil burns you.
* * * LOW HITPOINT WARNING * * *
The smoke demon gestures at you.
The sticky flame hits you but does no damage.
You are covered in liquid flames!
As you read the scroll of teleportation {@r4}, it crumbles to dust.
You feel strangely unstable.
You are covered in liquid flames!
* * * LOW HITPOINT WARNING * * *
The red devil barely misses you. The smoke demon barely misses you.
You block the smoke demon's attack.
The smoke demon hits you but does no damage.
You are covered in liquid flames!
* * * LOW HITPOINT WARNING * * *
The smoke demon gestures at you. The ball of steam hits you!
You die...
Your body rises from the dead as a mindless zombie.

#§§§≈§≈§## ##§≈
#≈≈≈≈§§§§### #≈≈≈
##≈...≈≈≈§≈## #.§
#≈....≈§≈≈≈≈# ###
##∩.....≈§≈§## #.
##.##.≈§≈§§§# ##.
####.≈################.#
##..######...........
###@§4.....≈≈≈§§≈≈≈.
###3....≈≈≈§≈≈≈°§≈
##...§≈≈≈§§§§≈≈≈
#...§≈≈≈§§≈≈≈°≈
##...§≈§§≈≈§°°≈
##..§≈≈≈≈≈≈≈§≈
##§..≈≈≈≈.§§.
#.§§.§...... #...##..#


You could see a smoke demon and a red devil.

Vanquished Creatures
  3 two-headed ogres
  An unseen horror (D:10)
  An orc sorcerer (Volcano)
  An ugly thing (Volcano)
  A red devil (Volcano)
  2 trolls
  2 hippogriffs
  4 yaks
  Grum (D:8)
  A hungry ghost (D:11)
  A warg (D:11)
  2 water moccasins (D:9)
  2 hell hounds (Volcano)
  A porcupine (D:9)
  3 ice beasts
  7 orc warriors
  A sky beast (D:6)
  A hornet zombie (D:10)
  A black bear (D:8)
  2 phantoms
  7 ogres
  3 wolves (D:7)
  4 centaurs
  A crocodile (D:10)
  A big kobold (D:10)
  Blork the orc (D:6)
  7 bullfrogs
  A water moccasin zombie (D:7)
  2 scorpions (D:9)
  9 killer bees (D:8)
  2 electric eels (D:10)
  6 crimson imps
  A bullfrog zombie (D:10)
  6 hounds
  2 jellies
  8 orc wizards
  2 centaur skeletons
  8 orc priests
  2 bullfrog skeletons
  A gnoll shaman (D:10)
  3 iguanas
  6 worker ants
  A hound zombie (D:6)
  A hound skeleton (D:6)
  2 worker ant zombies (D:9)
  Robin (D:3)
  11 gnolls
  11 adders
  4 shadow imps
  3 oozes
  2 adder zombies
  An adder skeleton (D:4)
  9 worms
  2 dart slugs
  5 leopard geckos
  34 orcs
  6 giant cockroaches
  11 goblins
  6 hobgoblins
  11 jackals
  5 kobolds
  5 quokkas
  A ball python (D:5)
  4 bats
  6 frilled lizards
  A jackal skeleton (D:8)
  2 leopard gecko skeletons
  2 leopard gecko zombies
  A quokka skeleton (D:8)
  12 rats
  3 fungi (D:9)
  A plant (D:9)
285 creatures vanquished.

Vanquished Creatures (others)
  A bullfrog (D:9)
  A worker ant (D:10)
  An orc (D:10)
  8 fungi (D:9)
  3 plants (D:9)
14 creatures vanquished.

Grand Total: 299 creatures vanquished

Notes
Turn   | Place    | Note
-------+----------+-------------------------------------------
     0 | D:1      | vurker the Hill Orc Fighter began the quest for the Orb.
     0 | D:1      | Reached XP level 1. HP: 19/19 MP: 1/1
    49 | D:1      | Reached skill level 3 in Axes
    83 | D:1      | Reached XP level 2. HP: 27/27 MP: 2/2
   418 | D:2      | Found a deep blue altar of Sif Muna.
   475 | D:2      | Reached skill level 4 in Axes
   477 | D:2      | Reached XP level 3. HP: 22/33 MP: 3/3
   933 | D:2      | Reached XP level 4. HP: 35/41 MP: 4/4
  1169 | D:2      | Found an iron altar of Okawaru.
  1433 | D:3      | Noticed Robin
  1438 | D:3      | Reached skill level 5 in Axes
  1442 | D:3      | Killed Robin
  1625 | D:3      | Found an iron altar of Okawaru.
  1797 | D:3      | Reached XP level 5. HP: 36/47 MP: 5/5
  2161 | D:3      | Reached skill level 5 in Fighting
  2162 | D:3      | Reached skill level 6 in Axes
  2267 | D:3      | Noticed an ogre
  2275 | D:3      | Killed an ogre
  2275 | D:3      | Reached XP level 6. HP: 29/56 MP: 6/6
  2786 | D:4      | Reached skill level 7 in Axes
  3069 | D:4      | Noticed a phantom
  3092 | D:4      | Killed a phantom
  3101 | D:4      | Reached XP level 7. HP: 58/63 MP: 7/7
  3106 | D:4      | Found a burning altar of Makhleb.
  3109 | D:4      | Found a snail-covered altar of Cheibriados.
  3156 | D:4      | Reached skill level 8 in Axes
  3711 | D:5      | Entered Level 5 of the Dungeon
  4344 | D:5      | Noticed a +0 dagger
  4345 | D:5      | Noticed a +0 dagger
  4346 | D:5      | Found a hide-covered altar of Uskayaw.
  4364 | D:5      | Reached skill level 9 in Axes
  4403 | D:5      | Found an ancient bone altar of Kikubaaqudgha.
  4405 | D:5      | Found a shimmering altar of Xom.
  4405 | D:5      | Found a shattered altar of Ashenzari.
  4407 | D:5      | Found an ornate altar of the Wu Jian Council.
  4407 | D:5      | Found a shimmering altar of Xom.
  4407 | D:5      | Found a sparkling altar of Nemelex Xobeh.
  4668 | D:5      | Reached XP level 8. HP: 73/73 MP: 8/8
  4762 | D:6      | Noticed Blork the orc
  4839 | D:6      | Reached skill level 10 in Axes
  5351 | D:6      | Reached skill level 11 in Axes
  6628 | D:6      | Killed Blork the orc
  6684 | D:7      | Reached XP level 9. HP: 66/82 MP: 9/9
  6691 | D:7      | Reached skill level 12 in Axes
  6890 | D:7      | Found a staircase to the Ecumenical Temple.
  6899 | Temple   | Entered the Ecumenical Temple
  7328 | Temple   | Became a worshipper of Yredelemnul the Dark
  7451 | D:7      | Found Toyvim's Lightly-Used Armoury.
  7511 | D:7      | Found a white marble altar of Elyvilon.
  7568 | D:7      | Reached skill level 1 in Invocations
  7699 | D:7      | Found a sparkling altar of Nemelex Xobeh.
  7799 | D:7      | Found a sacrificial altar of Ru.
  7950 | D:7      | Found a white marble altar of Elyvilon.
  8016 | D:7      | Found Toyvim's Lightly-Used Armoury.
  8035 | D:7      | Found a sacrificial altar of Ru.
  8116 | D:7      | Found a staircase to the Ecumenical Temple.
  8237 | D:7      | Found a sparkling altar of Nemelex Xobeh.
  8349 | D:8      | Reached skill level 13 in Axes
  8389 | D:8      | Found a shadowy altar of Dithmenos.
  8539 | D:8      | Noticed an ice devil
  8563 | D:8      | Noticed an ice devil
  8570 | D:8      | Noticed an ice devil
  8570 | D:8      | Noticed an ice devil
  8570 | D:8      | Noticed an ice devil
  8577 | D:8      | Noticed an ice devil
  8587 | D:8      | Reached * piety under Yredelemnul
  8961 | D:8      | Found a shattered altar of Ashenzari.
  9062 | D:8      | Noticed Grum
  9246 | D:8      | Killed Grum
  9246 | D:8      | Reached XP level 10. HP: 77/93 MP: 13/13
  9367 | D:8      | Noticed an ice statue
  9782 | D:8      | Reached skill level 10 in Fighting
  9809 | D:8      | Reached skill level 14 in Axes
 10133 | D:9      | Reached skill level 5 in Invocations
 10493 | D:9      | Noticed a two-headed ogre
 10504 | D:9      | Reached ** piety under Yredelemnul
 10841 | D:9      | Killed a two-headed ogre
 10948 | D:9      | Found an ornate altar of the Wu Jian Council.
 10988 | D:9      | Reached skill level 15 in Axes
 11312 | D:9      | Found a staircase to the Lair.
 11397 | D:10     | Entered Level 10 of the Dungeon
 11424 | D:10     | Noticed a two-headed ogre
 11440 | D:10     | Killed a two-headed ogre
 11440 | D:10     | Reached XP level 11. HP: 37/102 MP: 16/16
 11719 | D:10     | Noticed a two-headed ogre
 11971 | D:10     | Killed a two-headed ogre
 12081 | D:10     | Reached skill level 16 in Axes
 12288 | D:10     | Killed an unseen horror
 13201 | D:11     | Noticed an eight-headed hydra
 13580 | Lair:1   | Entered Level 1 of the Lair of Beasts
 13851 | Lair:1   | Found a dark tunnel.
 13863 | Volcano  | Entered a volcano
 13882 | Volcano  | Noticed a red ugly thing
 13888 | Volcano  | Killed a red ugly thing
 14144 | Volcano  | Noticed an orc sorcerer
 14160 | Volcano  | Killed an orc sorcerer
 14169 | Volcano  | Reached *** piety under Yredelemnul
 14188 | Volcano  | HP: 4/104 [burnt (9)]
 14580 | Volcano  | HP: 5/104 [burnt (5)]
 14580 | Volcano  | Killed from afar by a smoke demon

Levels and vault maps discovered:
D:1:      lightli_molten_gateway, layout_rooms
D:2:      layout_basic, lemuel_crystal_altar, first_ration, okawaru_gym_becter
D:3:      minmay_bubble_buster, layout_basic, lemuel_coloured_pillars_altar,
          uniq_robin
D:4:      layout_basic, amethyst_overflow_temple_binary
D:5:      layout_basic, dancing_weapons_uskayaw, doesnt_xom_only_xom
D:6:      layout_layer_cave, hangedman_decor_clover_reticule, uniq_blork_the_orc
D:7:      layout_basic, lemuel_round_altar, elyvilon_altar_1,
          nemelex_altar_shiori, minmay_temple_entry_junction_2,
          minmay_shop_damaged
D:8:      cheibrodos_frozen_isle, layout_cave_pods,
          nicolae_dithmenos_the_darkroom, ashenzari_conservatory_becter,
          grunt_ogre_cave, minmay_hedge_maze,
          hangedman_abyss_or_decor_jellyfish_corner, minmay_misc_feat_square,
          uniq_grum
D:9:      layout_rooms, old_standard_altar, grunt_lair_entry_orc_guard_hut
D:10:     layout_basic, chequers_big_river, lemuel_flamethrower_hall
D:11:     layout_basic, david_orc_3, biasface_ghost_orc_armoury, uniq_harold,
          uniq_maurice
Temple:   pf_slime_end_temple
Lair:1:   layout_small_grid, enter_volcano_4
Volcano:  volcano_pools

Skill      XL: |  1  2  3  4  5  6  7  8  9 10 11 |
---------------+----------------------------------+-----
Axes           | 3 4 5 6 7 9 11 13 15 16 | 16.9
Fighting       | 4 5 6 7 8 9 11 12 | 12.0
Invocations    | 4 7 9 |  9.2
Armour         | |  3.2
Shields        | |  3.2

Action                   |  1- 3 |  4- 6 |  7- 9 | 10-12 || total
-------------------------+-------+-------+-------+-------++-------
Melee: War axe           |   106 |   169 |   445 |   172 ||   892
       Broad axe         |       |       |       |   209 ||   209
 Abil: Evoke Berserk Rag |       |       |       |     6 ||     6
Evoke: Wand              |       |       |     4 |     3 ||     7
  Use: Scroll            |       |    12 |     8 |     6 ||    26
       Potion            |       |       |     1 |     3 ||     4
 Stab: Distracted        |       |       |     1 |       ||     1
  Eat: Chunk             |       |     6 |    10 |     8 ||    24
       Ration            |       |       |     4 |     5 ||     9
Armor: Scale mail        |    12 |       |       |       ||    12
       Chain mail        |    59 |    73 |   164 |       ||   296
       Plate armour      |       |       |    92 |   228 ||   320
Dodge: Dodged            |    28 |    28 |    63 |    40 ||   159
Block: Shield            |    68 |    58 |   205 |   193 ||   524

Table legend:
 A = Non-vault XP
 B = Vault XP
 C = Vault XP percentage of total XP
 D = Non-vault monster count
 E = Vault monster count
 F = Vault count percentage of total count
                 A         B        C        D         E       F
            +---------+---------+-------+---------+---------+-------
      Total |   12940 |    3584 |  21.7 |     244 |      39 |  13.8
            +---------+---------+-------+---------+---------+-------
        D:1 |      20 |       0 |   0.0 |       8 |       0 |   0.0
        D:2 |      64 |       0 |   0.0 |      18 |       0 |   0.0
        D:3 |     121 |     165 |  57.7 |      27 |      18 |  40.0
        D:4 |     351 |       0 |   0.0 |      15 |       0 |   0.0
        D:5 |     516 |       0 |   0.0 |      23 |       0 |   0.0
        D:6 |     984 |      94 |   8.7 |      22 |       1 |   4.3
        D:7 |    1041 |     350 |  25.2 |      33 |       3 |   8.3
        D:8 |    1129 |     314 |  21.8 |      22 |       2 |   8.3
        D:9 |    3904 |     537 |  12.1 |      32 |       5 |  13.5
       D:10 |    4255 |     136 |   3.1 |      39 |       1 |   2.5
       D:11 |     349 |     260 |  42.7 |       4 |       4 |  50.0
     Lair:1 |     206 |       0 |   0.0 |       1 |       0 |   0.0
    Volcano |       0 |    1728 | 100.0 |       0 |       5 | 100.0
            +---------+---------+-------+---------+---------+-------
